 Dungeon Crawl Stone Soup version 0.22-a0-396-g3f858e3 (webtiles) character file.

15 VajrapaniSR the Vandal (level 2, -1/19 HPs)
             Began as an Octopode Hunter on May 3, 2018.
             Slain by a leopard gecko (4 damage)
             ... on level 2 of the Dungeon.
             The game lasted 00:02:06 (284 turns).

VajrapaniSR the Vandal (Octopode Hunter)             Turns: 284, Time: 00:02:06

Health: -1/19      AC:  1    Str: 11    XL:     2   Next: 50%
Magic:  2/2        EV: 19    Int: 13    God:
Gold:   47         SH:  0    Dex: 17    Spells: 1/1 levels left

rFire    + . .     SeeInvis .     - Unarmed
rCold    . . .     Gourm    .   (no shield)
rNeg     . . .     Faith    .   (helmet restricted)
rPois    .         Spirit   .   (no amulet)
rElec    .         Reflect  .   e - ring of protection from fire
rCorr    .         Harm     .   (no ring)
MR       .....                  (no ring)
Stlth    ++++......             (no ring)
HPRegen  0.06/turn              (no ring)
MPRegen  0.08/turn              (no ring)
                                (no ring)
                                (no ring)

@: agile
A: almost no armour, stealthy swim, amphibious, 8 rings, constrict 8, camouflage
1, gelatinous body 1
a: no special abilities


You were on level 2 of the Dungeon.
You were not hungry.

You visited 1 branch of the dungeon, and saw 3 of its levels.

You collected 47 gold pieces.

Inventory:

Hand Weapons
 a - a +1 hunting sling
Missiles
 b - 81 stones (quivered)
 c - 19 sling bullets
Jewellery
 e - a ring of protection from fire (left tentacle)
Scrolls
 g - a scroll of identify {unknown}
 h - a scroll of blinking {unknown}
 k - 2 scrolls of amnesia {unknown}
 m - a scroll of magic mapping {unknown}
Potions
 j - a potion of curing {unknown}
 l - a potion of magic {unknown}
Comestibles
 d - 3 rations {@w1}
 f - 2 chunks of flesh


   Skills:
 - Level 2.0 Fighting
 - Level 4.0 Slings
 - Level 2.0 Dodging
 + Level 2.2 Stealth
 * Level 1.6 Unarmed Combat


You had one spell level left.
You didn't know any spells.

Dungeon Overview and Level Annotations

Branches:
Dungeon (3/15)

Altars:


Innate Abilities, Weirdness & Mutations

You cannot wear most types of armour.
You are very stealthy in the water. (Stealth+)
You are amphibious.
You can wear up to eight rings at the same time.
You can use your tentacles to constrict eight enemies at once.
Your skin changes colour to match your surroundings (Stealth+).
Your rubbery body absorbs attacks. (AC +1, EV +1)


Message History

The worm is almost dead.
You constrict the worm. You tentacle-slap the worm.
You kill the worm!
You climb downwards.
The leopard gecko misses you. The leopard gecko bites you.
There is a stone staircase leading up, spattered with blood here.
Unknown command.
The kobold closely misses you. The leopard gecko bites you.
You climb upwards.
There is a stone staircase leading down here.
A frilled lizard comes into view.
The leopard gecko bites you.
* * * LOW HITPOINT WARNING * * *
The frilled lizard hisses angrily.
The leopard gecko closely misses you.
Okay, then.
It was a potion of agility.
You feel agile all of a sudden. The leopard gecko bites you.
You die...

...#....# #..#....# .#
..#....# #.# ##
......#... ..##..####
.....#.### #..l...@.#
#........
#.######l####....#.#
######K.#........###
........>.....†......
.#######†..#.†.######
###.....#### ..#####
#.#......### ..#....
##.##........
.......####...##<.......


You could see a leopard gecko, a kobold and a frilled lizard.

Vanquished Creatures
  An ooze (D:1)
  A worm (D:2)
  3 bats
  2 goblins (D:1)
  A hobgoblin (D:2)
  2 rats (D:1)
10 creatures vanquished.

Vanquished Creatures (others)
  4 toadstools (D:1)
4 creatures vanquished.

Grand Total: 14 creatures vanquished

Notes
Turn   | Place    | Note
-------+----------+-------------------------------------------
     0 | D:1      | VajrapaniSR the Octopode Hunter began the quest for the Orb.
     0 | D:1      | Reached XP level 1. HP: 14/14 MP: 1/1
    91 | D:1      | Reached skill level 1 in Unarmed Combat
    91 | D:1      | Reached XP level 2. HP: 15/19 MP: 2/2
   284 | D:2      | Slain by a leopard gecko

Vault maps used:
D:1:      ldierk_water_garden, minmay_misc_feat_nine_boxes
D:2:      columned_hall_lemuel
D:3:      kennysheep_slug_shrine, minmay_misc_feat_alley, minmay_crystal_room

Skill      XL: |  1 |
---------------+----+-----
Stealth        | 2 |  2.2
Unarmed Combat | 1 |  1.6
Fighting       | |  2.0
Slings         | |  4.0
Dodging        | |  2.0

Action                   || total
-------------------------++-------
Melee: Unarmed           ||    30
       Constrict         ||     7
       Tentacles         ||     4
 Fire: Hunting sling     ||     2
Throw: Stone             ||     1
  Use: Potion            ||     1
 Stab: Sleeping          ||     5
Armor: Skin              ||     4
Dodge: Dodged            ||    27

Table legend:
 A = Spawn XP
 B = Non-spawn XP
 C = Spawn XP percentage of total XP
 D = Spawn monster count
 E = Non-spawn monster count
 F = Spawn count percentage of total count
 G = Total turns spent on level
                    A         B        C        D         E        F      G
               +---------+---------+-------+---------+---------+-------+---------
         Total |       0 |      22 |   0.0 |       0 |      10 |   0.0 |   284
               +---------+---------+-------+---------+---------+-------+---------
           D:1 |       0 |      13 |   0.0 |       0 |       6 |   0.0 |   214
           D:2 |       0 |       9 |   0.0 |       0 |       4 |   0.0 |    65
               +---------+---------+-------+---------+---------+-------+---------
